 Dungeon Crawl Stone Soup version 0.13.0-5-g7e31f0a (webtiles) character file.

463 MirrMurr the Covert (level 6, 0/28 HPs)
             Began as a Spriggan Enchanter on Oct 14, 2013.
             Succumbed to a kobold's curare-tipped needle
             ... on Level 3 of the Dungeon.
             The game lasted 00:12:05 (4218 turns).

MirrMurr the Covert (Spriggan Enchanter)            Turns: 4218, Time: 00:12:05

HP   0/28        AC  3     Str  6      XL: 6   Next: 38%
MP  16/16        EV 18     Int 16      God:
Gold 102         SH  0     Dex 17      Spells:  2 memorised,  4 levels left

Res.Fire  : . . .   See Invis. : +   a - +1 dagger {=f}
Res.Cold  : . . .   Warding    : .   b - +1 robe
Life Prot.: . . .   Conserve   : .   (shield restricted)
Res.Poison: .       Res.Corr.  : .   (helmet restricted)
Res.Elec. : .       Clarity    : .   (no cloak)
Sust.Abil.: . .     Spirit.Shd : .   (gloves unavailable)
Res.Mut.  : .       Stasis     : .   (boots unavailable)
Res.Rott. : .       Flight     : .   (no amulet)
Saprovore : . . .                    (no ring)
                                     (no ring)

@: mildly poisoned, slowed, quick, somewhat resistant to hostile enchantments,
very stealthy
A: unfitting armour, see invisible, herbivore 3, speed 3, slow metabolism 2
a: no special abilities


You were on level 3 of the Dungeon.
You were not hungry.

You visited 1 branch of the dungeon, and saw 3 of its levels.
You also visited: Sewer.

You collected 82 gold pieces.

Inventory:

Hand weapons
 a - a +1,+1 dagger (weapon) {=f}
Missiles
 d - 12 darts (quivered)
Armour
 b - a +1 robe (worn)
Magical devices
 z - a wand of cold (9) {unknown}
Comestibles
 g - a bread ration
 i - a choko
 m - an apple
 n - a banana
Scrolls
 h - 2 scrolls of curse weapon {unknown}
 l - a scroll of recharging {rech?, unknown}
 p - a scroll of enchant weapon I {unknown}
 q - a scroll of teleportation {unknown}
 r - 2 scrolls of remove curse {unknown}
 u - a scroll of enchant weapon II {unknown}
 v - a scroll of enchant armour {unknown}
 x - a scroll of magic mapping {unknown}
 y - 2 scrolls of blinking {unknown}
Jewellery
 t - a cursed ring of teleportation {unknown}
Potions
 e - a potion of porridge
 f - a potion of heal wounds {unknown}
 j - a potion of curing
 k - a potion of resistance {unknown}
 o - a potion of slowing {unknown}
 s - a potion of brilliance {unknown}
 w - a potion of mutation {unknown}
Books
 c - a book of Maledictions

   Spells                             Type                      Level
   *Corona                            Hexes                        1
   Sure Blade                         Hexes/Charms                 2
   *Ensorcelled Hibernation           Hexes/Ice                    2
   Confuse                            Hexes                        3
   Enslavement                        Hexes                        4
   Invisibility                       Hexes                        6


   Skills:
 * Level 4.6 Short Blades
 - Level 1.1 Throwing
 - Level 3.0 Dodging
 + Level 8.4 Stealth
 - Level 1.3 Spellcasting
 - Level 3.6 Hexes


You had 4 spell levels left.
You knew the following spells:

 Your Spells              Type           Power        Failure   Level  Hunger
a - Ensorcelled Hibernat  Hex/Ice        #.....       17%         2    ###....
Z - Corona                Hex            ##.....      8%          1    ##.....


Dungeon Overview and Level Annotations

Branches:
Dungeon (3/27)

Altars:
Sif Muna
Zin


Innate Abilities, Weirdness & Mutations

You are tiny and cannot use many weapons and most armour.
You have supernaturally acute eyesight.
You are a herbivore.
You cover ground extremely quickly.
You need consume almost no food.


Message History

You feel sick.
No target in view!
No target in view!
No target in view!
No target in view!
Things that are here:
a blowgun; 2 curare-tipped needles You feel sick.
You feel sick.
You feel a little better.
The gnoll throws an uncursed glowing spear.
The uncursed glowing spear misses you.
Things that are here:
an uncursed glowing spear; a scroll labeled GUGICA MESHE The gnoll hits you from afar with a halberd.
* * * LOW HITPOINT WARNING * * *
The gnoll hits you with a club.
* * * LOW HITPOINT WARNING * * *
You are too injured to fight recklessly!
You die...

#.......# #.....#
#.......########.....####
#...%(..'......'.....'...
#...)...########.....####
#.......# #.>...#
#.......# ##'##.###
#####.### #.##...#
###....)##### #.####.#
#.........@.# #.# ##≈##
#...........# #.# #≈≈≈#
#.........g.+ #+# #≈≈≈#
#..........g# ##≈##
...........# #≈#≈
..........# #≈#≈
.........# ##≈##
####'#### #≈≈≈# ..# #≈≈≈≈


You could see 2 gnolls.

Vanquished Creatures
  2 giant frogs (Sewer)
  A worker ant (D:2)
  5 adders
  A gnoll (D:3)
  An inept feature mimic (D:2)
  A giant centipede (D:3)
  6 giant mites
  A worm (D:2)
  4 grey rats (D:3)
  A giant gecko (Sewer)
  An ooze (D:2)
  An orc (D:3)
  6 bats
  9 giant cockroaches
  9 hobgoblins
  3 jackals (D:1)
  7 kobolds
  7 giant newts
  11 goblins
  9 rats
86 creatures vanquished.

Notes
Turn   | Place    | Note
--------------------------------------------------------------
     0 | D:1      | MirrMurr, the Spriggan Enchanter, began the quest for the Orb.
     0 | D:1      | Reached XP level 1. HP: 9/9 MP: 4/4
   137 | D:1      | Reached skill level 4 in Stealth
   292 | D:1      | Reached XP level 2. HP: 13/13 MP: 6/6
   822 | D:1      | Reached skill level 5 in Stealth
   942 | D:2      | Learned a level 2 spell: Ensorcelled Hibernation
  1155 | D:2      | Reached XP level 3. HP: 12/16 MP: 9/9
  1399 | D:2      | Reached skill level 6 in Stealth
  2282 | D:2      | Reached XP level 4. HP: 21/21 MP: 11/11
  2680 | D:2      | Found a deep blue altar of Sif Muna.
  2721 | D:2      | Reached skill level 7 in Stealth
  2759 | D:3      | Paralysed by a potion of paralysis for 3 turns
  2815 | D:3      | Found a glowing silver altar of Zin.
  3193 | D:3      | Reached XP level 5. HP: 20/24 MP: 10/13
  3431 | D:3      | Found a glowing drain.
  3438 | Sewer    | Entered a sewer
  3935 | Sewer    | Reached skill level 8 in Stealth
  3935 | Sewer    | Reached XP level 6. HP: 28/28 MP: 8/16
  4217 | D:3      | HP: 1/28 [gnoll/club (6)]
  4218 | D:3      | Succumbed to a kobold's curare-tipped needle

Action                   |  1- 3 |  4- 6 || total
-------------------------+-------+-------++-------
Melee: Dagger            |   199 |   203 ||   402
 Cast: Ensorcelled Hiber |    14 |    17 ||    31
  Use: Scroll            |     2 |       ||     2
       Potion            |       |     2 ||     2
 Stab: Sleeping          |    11 |    13 ||    24
       Distracted        |       |     1 ||     1
